 Dungeon Crawl Stone Soup version 0.20.1-1-g8b1a95d (webtiles) character file.

18 vatarom the Insei (level 2, 0/18 HPs)
             Began as an Octopode Transmuter on Sept 6, 2017.
             Slain by an adder (2 damage)
             ... on level 2 of the Dungeon.
             The game lasted 00:01:31 (1094 turns).

vatarom the Insei (Octopode Transmuter)             Turns: 1094, Time: 00:01:32

Health: 0/18       AC:  1    Str: 14    XL:     2   Next: 70%
Magic:  5/5        EV: 14    Int: 15    God:
Gold:   23         SH:  0    Dex: 12    Spells: 4/5 levels left

rFire    . . .     SeeInvis .     - Unarmed
rCold    . . .     Gourm    .   (no shield)
rNeg     . . .     Faith    .   (helmet restricted)
rPois    .         Spirit   .   (no amulet)
rElec    .         Reflect  .   g - ring of wizardry
rCorr    .         Harm     .   (no ring)
MR       .....                  (no ring)
Stlth    ++........             (no ring)
Regen    0.1/turn               (no ring)
MPRegen  0.1/turn               (no ring)
                                (no ring)
                                (no ring)

@: mighty, lethally poisoned (0 -> -7)
A: almost no armour, stealthy swim, amphibious, 8 rings, constrict 8, camouflage
1, gelatinous body 1
a: no special abilities


You were on level 2 of the Dungeon.
You were not hungry.

You visited 1 branch of the dungeon, and saw 2 of its levels.

You collected 23 gold pieces.

Inventory:

Missiles
 a - 41 arrows
Jewellery
 g - a ring of wizardry (left tentacle)
Scrolls
 e - 2 scrolls of fog
 h - a scroll of teleportation
Potions
 f - a potion of heal wounds
 i - a potion of might
Books
 b - a book of Changes

   Spells                             Type                      Level
   a - Beastly Appendage              Transmutation                1
   b - Sticks to Snakes               Transmutation                2
   c - Spider Form                    Transmutation/Poison         3
   d - Ice Form                       Ice/Transmutation            4
   e - Blade Hands                    Transmutation                5
Comestibles
 c - 2 bread rations


   Skills:
 - Level 1.0 Fighting
 + Level 2.7 Dodging
 + Level 3.4 Unarmed Combat
 - Level 2.0 Spellcasting
 - Level 2.0 Transmutations


You had 4 spell levels left.
You knew the following spells:

 Your Spells              Type           Power        Failure   Level  Hunger
a - Beastly Appendage     Tmut           #.....       4%          1    #......


Dungeon Overview and Level Annotations

Branches:
Dungeon (2/15)

Altars:
Fedhas


Innate Abilities, Weirdness & Mutations

You cannot wear most types of armour.
You are very stealthy in the water. (Stealth+)
You are amphibious.
You can wear up to eight rings at the same time.
You can use your tentacles to constrict eight enemies at once.
Your skin changes colour to match your surroundings (Stealth+).
Your rubbery body absorbs attacks. (AC +1, EV +1)


Message History

Ouch! That really hurt!
Found a leather armour.
You are too injured to fight recklessly!
Casting: Beastly Appendage
Confirm with . or Enter, or press ? or * to list all spells.
You don't know that spell.
Memorise Sticks to Snakes, consuming 2 spell levels and leaving 2?
The hobgoblin misses you.
You start memorising the spell.
You continue memorising.
The hobgoblin hits you.
Your memorisation is interrupted.
The hobgoblin closely misses you.
A rat comes into view.
All of the chunks of flesh in your inventory have rotted away.
The adder barely misses you.
There is a stone staircase leading up here.
The adder bites you.
* * * LOW HITPOINT WARNING * * *
You are lethally poisoned!
The adder poisons you! The adder bites you.
You die...

#. #..... ...# #
#.###.#r.###..# #.
.........##..# ### ...
#...#...##..# ##.. ....
+...#....... ...
#.....#...#...##.# #.#
........)....##.######..
.....##@S.g.....w.......
#......g........###....
#.....#.##...#..# #.##.
#.#...[.........# #.##.
#.#.#.#.#.......###.##.
#...................##.
#.#.#.#.#......#######.
###.#.#.._....#.## ..
#<#.#.###.#.#.#.### [.


You could see an adder and 2 hobgoblins.

Vanquished Creatures
  A dart slug (D:1)
  A leopard gecko (D:1)
  A ball python (D:1)
  4 bats (D:1)
  2 goblins
  A hobgoblin (D:1)
  A kobold (D:1)
  2 frilled lizards (D:1)
  2 rats (D:1)
15 creatures vanquished.

Notes
Turn   | Place    | Note
-------+----------+-------------------------------------------
     0 | D:1      | vatarom the Octopode Transmuter began the quest for the Orb.
     0 | D:1      | Reached XP level 1. HP: 13/13 MP: 3/3
   290 | D:1      | Reached XP level 2. HP: 18/18 MP: 5/5
  1030 | D:2      | Found a blossoming altar of Fedhas.
  1094 | D:2      | Slain by an adder

Action                   || total
-------------------------++-------
Melee: Unarmed           ||    34
       Constrict         ||     8
       Punch             ||     3
       Tentacles         ||     1
  Use: Scroll            ||     4
       Potion            ||     3
 Stab: Sleeping          ||     2
Armor: Skin              ||     6
Dodge: Dodged            ||    30
